 Dungeon Crawl Stone Soup version 0.22.1-2-g9c5b331 (webtiles) character file.

7851 Gearfox the Basher (level 11, 0/94 HPs)
             Began as a Hill Orc Fighter on Dec 6, 2018.
             Was a High Priest of Okawaru.
             Slain by a spatial maelstrom (3 damage)
             ... on level 1 of the Abyss on Dec 7, 2018.
             The game lasted 00:37:31 (12129 turns).

Gearfox the Basher (Hill Orc Fighter)              Turns: 12129, Time: 00:37:31

Health: 0/94       AC: 20    Str: 28    XL:     11   Next: 21%
Magic:  15/15      EV: 10    Int:  8    God:    Okawaru [*****.]
Gold:   250        SH:  0    Dex:  8    Spells: 10/10 levels left

rFire    + . .     SeeInvis .   y - +4 flail (freeze)
rCold    + . .     Gourm    .   c - +0 shield
rNeg     . . .     Faith    .   o - +1 plate armour
rPois    +         Spirit   .   i - +0 helmet
rElec    +         Reflect  .   (no cloak)
rCorr    +         Harm     .   (no gloves)
MR       .....                  C - +0 pair of boots
Stlth    ..........             (no amulet)
HPRegen  0.25/turn              j - +3 ring of protection
MPRegen  0.14/turn              p - +4 ring of evasion

@: confused, mighty, resistant
A: clumsy 1, mutation resistance 1
a: Heroism, Finesse, Renounce Religion


You were on level 1 of the Abyss.
You worshipped Okawaru.
Okawaru was extremely pleased with you.
You were not hungry.

You visited 1 branch of the dungeon, and saw 10 of its levels.
You visited the Abyss 1 time.
You also visited: Sewer and Ossuary.

You collected 474 gold pieces.
You spent 224 gold pieces at shops.

Inventory:

Hand Weapons
 a - a +0 war axe
 y - a +4 flail of freezing (weapon)
Armour
 b - a +0 scale mail
 c - a +0 shield (worn)
 i - a +0 helmet (worn)
 o - a +1 plate armour (worn)
 C - a +0 pair of boots (worn)
Jewellery
 g - an uncursed ring of fire
 j - a +3 ring of protection (left hand)
 n - a +1 ring of protection
 p - a +4 ring of evasion (right hand)
 B - an uncursed ring of protection from fire
 J - an uncursed ring of positive energy
 K - an uncursed ring of wizardry
Wands
 q - a wand of flame (59)
 w - a wand of enslavement (10)
 A - a wand of paralysis (23)
 E - a wand of acid (8)
Scrolls
 h - 8 scrolls of remove curse
 m - 2 scrolls of teleportation
 t - a scroll of amnesia
 z - 2 scrolls of fog
 D - a scroll of blinking
 H - 2 scrolls of identify
 L - a scroll of fear
Potions
 d - 3 potions of brilliance
 e - 3 potions of heal wounds
 k - a potion of cancellation
 l - 2 potions of flight
 r - a potion of lignification
 s - 4 potions of agility
 u - a potion of haste
 v - 2 potions of ambrosia
 x - 2 potions of might
Comestibles
 f - 12 rations


   Skills:
 - Level 8.1 Fighting
 - Level 7.8(11.2) Axes
 * Level 10.7(11.4) Maces & Flails
 - Level 9.0 Armour
 - Level 8.0 Shields
 - Level 6.0 Invocations


You had 10 spell levels left.
You didn't know any spells.
Your spell library contained the following spells:

 Spells                   Type           Power        Failure   Level  Hunger
 Beastly Appendage        Tmut           #.....       100%        1    ##.....
 Confusing Touch          Hex            #.....       100%        1    ##.....
 Freeze                   Ice            #...         100%        1    ##.....
 Sticks to Snakes         Tmut           #.......     100%        2    ###....
 Throw Frost              Conj/Ice       #.....       100%        2    ###....
 Confuse                  Hex            #.......     100%        3    ####...
 Gell's Gravitas          Tloc           #.........   100%        3    ####...
 Ozocubu's Armour         Chrm/Ice       #.......     100%        3    ####...
 Spider Form              Tmut/Pois      #.........   100%        3    ####...
 Ice Form                 Ice/Tmut       #.......     100%        4    #####..
 Petrify                  Tmut/Erth      #.......     100%        4    #####..
 Summon Ice Beast         Ice/Summ       #.......     100%        4    #####..
 Throw Icicle             Conj/Ice       #.......     100%        4    #####..
 Blade Hands              Tmut           #.........   100%        5    ######.
 Metabolic Englaciation   Hex/Ice        #.........   100%        5    ######.
 Yara's Violent Unravell  Hex/Tmut       #.........   100%        5    ######.


Dungeon Overview and Level Annotations

Branches:
Dungeon (10/15)            Temple (0/1) D:7
   Lair: D:8-11         Orc: D:9-12

Altars:
Cheibriados
Gozag
Nemelex Xobeh
Okawaru
Qazlal
Ru
Xom
Yredelemnul
The Shining One

Shops:
D:9 *

Annotations:
D:6 3 runed doors, Curus's ghost, novice MfGl
D:10 Sonja


Innate Abilities, Weirdness & Mutations

You are clumsy. (Dex -2)
You are somewhat resistant to further mutation.


Message History

You bump into the stone wall.
You bump into the crystal wall.
You bump into the stone wall.
You bump into the crystal wall.
The spatial maelstrom hits you!
You blink.
A spatial vortex comes into view. x2
You bump into the stone wall.
A spatial vortex comes into view.
The spatial maelstrom closely misses you. x2
The spatial vortex hits you but does no damage.
The spatial vortex moves out of view.
A spatial vortex comes into view. x2
The spatial maelstrom hits you.
* * * LOW HITPOINT WARNING * * *
The spatial maelstrom misses you.
The spatial vortex moves out of view.
You bump into the stone wall.
The spatial maelstrom hits you.
* * * LOW HITPOINT WARNING * * *
Space warps horribly around you!
* * * LOW HITPOINT WARNING * * *
The spatial maelstrom hits you.
You die...

v# #
.###.
.#..#
##.#.
...v
..# #
##v#
#.#
#.@#..#
##v.# #
###..#
#.## ##


You could see a spatial maelstrom and 3 spatial vortices.

Vanquished Creatures
  A green death (Abyss:1)
  A rakshasa (Abyss:1)
  A two-headed ogre (D:8)
  An ancient zyme (Abyss:1)
  A hippogriff (D:8)
  Sigmund (D:2)
  A wraith (Ossuary)
  4 hogs (D:7)
  A human (D:7)
  A hungry ghost (D:8)
  Duvessa (D:7)
  A black bear (D:9)
  4 orc warriors
  2 ice beasts
  A sky beast (D:9)
  7 ogres
  2 centaurs
  A gnoll sergeant (D:6)
  4 bullfrogs
  Dowan (D:7)
  10 wights
  3 howler monkeys (D:9)
  3 crimson imps
  A bullfrog zombie (D:6)
  A human zombie (Ossuary)
  A bullfrog skeleton (D:4)
  A centaur zombie (D:5)
  6 hounds
  A jelly (D:9)
  2 orc priests
  2 centaur skeletons
  Ijyb (D:3)
  An iguana (D:8)
  Natasha (D:2)
  6 orc wizards
  6 worker ants
  2 big kobold zombies (Ossuary)
  A hound skeleton (D:6)
  3 mummies (Ossuary)
  2 worker ant zombies (D:6)
  Robin (D:2)
  12 gnolls
  8 adders
  2 shadow imps
  3 worms
  2 dart slugs
  3 leopard geckos
  41 orcs
  8 bats
  15 giant cockroaches
  10 goblins
  12 hobgoblins
  14 jackals
  6 quokkas
  3 ball pythons
  9 frilled lizards
  A gnoll zombie (Ossuary)
  6 goblin zombies (Ossuary)
  A hobgoblin zombie (Ossuary)
  A jackal skeleton (D:5)
  10 kobolds
  An orc zombie (Ossuary)
  2 quokka skeletons
  5 quokka zombies
  9 rats
276 creatures vanquished.

Notes
Turn   | Place    | Note
-------+----------+-------------------------------------------
     0 | D:1      | Gearfox the Hill Orc Fighter began the quest for the Orb.
     0 | D:1      | Reached XP level 1. HP: 19/19 MP: 1/1
    91 | D:1      | Reached XP level 2. HP: 18/26 MP: 2/2
   500 | D:1      | Reached XP level 3. HP: 29/31 MP: 3/3
   545 | D:1      | Reached skill level 5 in Axes
  1056 | D:2      | Noticed Sigmund
  1071 | D:2      | Killed Sigmund
  1071 | D:2      | Reached XP level 4. HP: 5/39 MP: 0/4
  1071 | D:2      | Reached XP level 5. HP: 6/45 MP: 0/5
  1889 | D:2      | Noticed Robin
  1901 | D:2      | Reached XP level 6. HP: 51/52 MP: 6/6
  1937 | D:2      | Killed Robin
  2228 | D:2      | You fall through a shaft for 2 floors!
  2598 | D:4      | Found a glowing drain.
  2622 | Sewer    | Entered a sewer
  3134 | Sewer    | Reached skill level 5 in Fighting
  3134 | Sewer    | Reached skill level 5 in Armour
  3134 | Sewer    | Reached XP level 7. HP: 54/61 MP: 7/7
  4421 | D:3      | Noticed Ijyb
  4447 | D:3      | Killed Ijyb
  5047 | D:2      | Found a stormy altar of Qazlal.
  5047 | D:2      | Noticed Natasha
  5058 | D:2      | Killed Natasha
  5069 | D:2      | Found an iron altar of Okawaru.
  5069 | D:2      | Found a sparkling altar of Nemelex Xobeh.
  5072 | D:2      | You fall through a shaft for 2 floors!
  5351 | D:2      | Found a snail-covered altar of Cheibriados.
  5355 | D:2      | Became a worshipper of Warmaster Okawaru
  5530 | D:5      | Entered Level 5 of the Dungeon
  5745 | D:5      | Found a sand-covered staircase.
  5752 | D:5      | Reached XP level 8. HP: 69/71 MP: 8/8
  5786 | Ossuary  | Entered an ossuary
  5786 | Ossuary  | Noticed a wraith
  5786 | Ossuary  | Noticed a wraith
  5786 | Ossuary  | Noticed a wraith
  6032 | Ossuary  | Noticed a wraith
  6050 | Ossuary  | Killed a wraith
  6477 | D:5      | Reached * piety under Okawaru
  7427 | D:6      | Reached XP level 9. HP: 74/81 MP: 7/9
  7434 | D:6      | Reached ** piety under Okawaru
  7475 | D:6      | Found a runed gate.
  7477 | D:6      | Found an opulent altar of Gozag.
  7478 | D:6      | Noticed Curus's ghost (novice MfGl)
  7479 | D:6      | Found a runed gate.
  7479 | D:6      | Found a runed gate.
  7479 | D:6      | Noticed a kobold demonologist
  7624 | D:6      | Reached skill level 1 in Maces & Flails
  7807 | D:6      | Reached skill level 5 in Shields
  8633 | D:6      | Reached skill level 1 in Invocations
  8953 | D:7      | Reached skill level 2 in Maces & Flails
  9217 | D:7      | Gained mutation: You are clumsy. (Dex -2) [potion of
                  | mutation]
  9217 | D:7      | Gained mutation: You are somewhat resistant to further
                  | mutation. [potion of mutation]
  9276 | D:7      | Found a staircase to the Ecumenical Temple.
  9677 | D:7      | Noticed Duvessa
  9678 | D:7      | Noticed Dowan
  9703 | D:7      | Killed Duvessa
  9703 | D:7      | Reached *** piety under Okawaru
  9709 | D:7      | Killed Dowan
  9740 | D:7      | Reached skill level 3 in Maces & Flails
  9740 | D:7      | Reached XP level 10. HP: 84/88 MP: 9/12
  9745 | D:7      | Reached skill level 4 in Maces & Flails
  9764 | D:7      | Reached skill level 5 in Maces & Flails
  9883 | D:8      | Found a glowing golden altar of the Shining One.
 10145 | D:8      | Noticed a two-headed ogre
 10157 | D:8      | Killed a two-headed ogre
 10157 | D:8      | Reached **** piety under Okawaru
 10157 | D:8      | Reached skill level 6 in Maces & Flails
 10263 | D:8      | Reached skill level 7 in Maces & Flails
 10263 | D:8      | Reached skill level 5 in Invocations
 11112 | D:9      | Reached skill level 8 in Maces & Flails
 11208 | D:9      | Found Mubbom's Assorted Antiques.
 11223 | D:9      | Bought a potion of heal wounds for 160 gold pieces
 11223 | D:9      | Bought a scroll of identify for 64 gold pieces
 11490 | D:9      | Found a shimmering altar of Xom.
 11685 | D:9      | Found a sacrificial altar of Ru.
 11687 | D:9      | Found a basalt altar of Yredelemnul.
 11763 | D:10     | Entered Level 10 of the Dungeon
 11776 | D:10     | Reached skill level 9 in Maces & Flails
 11815 | D:10     | Noticed Sonja
 12029 | D:10     | Cast into level 1 of the Abyss (Sonja)
 12065 | Abyss:1  | Noticed a rakshasa
 12079 | Abyss:1  | Noticed a green death
 12094 | Abyss:1  | Killed a green death
 12094 | Abyss:1  | Reached ***** piety under Okawaru
 12094 | Abyss:1  | Reached skill level 10 in Maces & Flails
 12094 | Abyss:1  | Reached XP level 11. HP: 24/94 MP: 15/15
 12096 | Abyss:1  | Killed a rakshasa
 12121 | Abyss:1  | Noticed a spatial maelstrom
 12129 | Abyss:1  | HP: 3/94 [spatial maelstrom (16)]
 12129 | Abyss:1  | Slain by a spatial maelstrom

Skill      XL: |  1  2  3  4  5  6  7  8  9 10 11 |
---------------+----------------------------------+-----
Axes           | 3 4 7 |  7.8
Fighting       | 5 6 8 |  8.1
Armour         | 5 6 8 9 |  9.0
Shields        | 8 |  8.0
Maces & Flails | 3 10 | 10.7
Invocations    | 3 5 6 |  6.0

Action                   |  1- 3 |  4- 6 |  7- 9 | 10-12 || total
-------------------------+-------+-------+-------+-------++-------
Melee: War axe           |    81 |   200 |   572 |       ||   853
       Flail             |       |       |    31 |   205 ||   236
Invok: Heroism           |       |       |     4 |     2 ||     6
  Use: Scroll            |     3 |     1 |    18 |     4 ||    26
       Potion            |     1 |       |     5 |     3 ||     9
  Eat: Chunk             |       |     8 |    11 |     5 ||    24
       Ration            |       |       |     3 |     2 ||     5
Armor: Scale mail        |    59 |    95 |     4 |       ||   158
       Plate armour      |       |       |   250 |    69 ||   319
       Skin              |       |       |    19 |       ||    19
Dodge: Dodged            |    27 |    63 |   186 |    59 ||   335
Block: Shield            |    60 |   102 |   262 |    99 ||   523
